 Dungeon Crawl Stone Soup version 0.31-a0-196-g86fe4a5e66 (webtiles) character file.

Game seed: 301591159600090306

109180 Gorgondantess the Gelid (level 17, -9/126 HPs)
             Began as a Human Ice Elementalist on June 24, 2023.
             Was the Champion of Qazlal.
             Mangled by a spriggan defender
             ... wielding a +6 vampiric quick blade
             ... led by the Enchantress
              (16 damage)
             ... on level 15 of the Dungeon.
             The game lasted 01:39:26 (26565 turns).

Gorgondantess the Gelid (Human Ice Elementalist)   Turns: 26565, Time: 01:39:26

Health: -9/126     AC: 20    Str: 11    XL:     17   Next: 6%
Magic:  27/31      EV: 20    Int: 21    God:    Qazlal [******]
Gold:   2705       SH: 13    Dex: 14    Spells: 6/37 levels left

rFire   . . .        L - +8 dagger (elec)
rCold   . . .        A - +0 buckler {AC+3}
rNeg    . . .        T - +0 steam dragon scales
rPois   .            K - +1 helmet {SInv}
rElec   .            O - +0 cloak
rCorr   .            f - +0 pair of gloves
SInv    +            W - +3 pair of seven-league boots {Rampage+∞}
Will    +....        V - amulet of regeneration
Stlth   +            b - +4 ring of slaying
HPRegen 1.21/turn    i - +5 ring of evasion
MPRegen 0.22/turn

%: repel missiles, rampage+∞
@: protected from physical damage, slowed, very slow
A: no striking features
a: Renounce Religion, Upheaval, Elemental Force, Disaster Area


You were on level 15 of the Dungeon.
You worshipped Qazlal.
Qazlal was exalted by your worship.
You visited 4 branches of the dungeon, and saw 23 of its levels.

You collected 2822 gold pieces.
You spent 117 gold pieces at shops.

Inventory:

Hand Weapons
 L - a +8 dagger of electrocution (weapon)
 S - the +1 trident "Muahaas" {drain, +Blink rElec Int+6 SInv}
   (You found it on level 5 of the Lair of Beasts)

   Int:       It affects your intelligence (+6).
   rElec:     It insulates you from electricity.
   SInv:      It lets you see invisible.
   +Blink:    It lets you blink.
Missiles
 Z - a curare-tipped dart
Armour
 f - a +0 pair of gloves (worn)
 A - a +0 buckler of protection (worn)
 K - a +1 helmet of see invisible (worn)
 O - a +0 cloak (worn)
 T - +0 steam dragon scales (worn)
 U - +0 acid dragon scales
 W - the +3 pair of seven-league boots (worn) {Rampage+∞}
   (You found it on level 5 of the Lair of Beasts)

   Rampage+∞: When moving toward enemies, its wearer moves as far as possible,
   alerting their target en route.
 X - a +0 troll leather armour
Magical Staves
 a - a staff of cold
Jewellery
 b - a +4 ring of slaying (left hand)
 i - a +5 ring of evasion (right hand)
 l - a ring of wizardry
 J - a ring of flight
 V - an amulet of regeneration (around neck)
 Y - a ring of protection from cold
Wands
 x - a wand of flame (39)
 F - a wand of iceblast (31)
 H - a wand of quicksilver (9)
 Q - a wand of charming (16)
Scrolls
 j - a scroll of amnesia
 k - 6 scrolls of vulnerability
 n - 4 scrolls of fog
 o - 7 scrolls of teleportation
 q - 4 scrolls of blinking
 r - 3 scrolls of enchant armour
 y - a scroll of brand weapon
 B - 8 scrolls of immolation
 C - 4 scrolls of fear
 D - 3 scrolls of revelation
 E - a scroll of torment {unknown}
 N - a scroll of summoning {unknown}
 P - a scroll of silence
Potions
 c - a potion of might
 d - 2 potions of cancellation
 e - 4 potions of heal wounds
 h - 4 potions of ambrosia {unknown}
 m - 2 potions of invisibility {unknown}
 p - 3 potions of resistance {unknown}
 s - a potion of berserk rage {unknown}
 t - 6 potions of mutation
 v - a potion of attraction {unknown}
 z - 6 potions of lignification {unknown}
 G - 5 potions of brilliance
 I - a potion of magic
 M - 5 potions of enlightenment {unknown}
 R - 5 potions of curing
Miscellaneous
 g - a lightning rod (4/4)
 u - a phantom mirror
 w - a box of beasts


   Skills:
 + Level 9.5 Fighting
 - Level 2.0 Short Blades
 - Level 6.0 Staves
 - Level 3.1 Armour
 + Level 9.0 Dodging
 - Level 2.0 Stealth
 * Level 4.6 Shields
 + Level 10.8 Spellcasting
 + Level 5.8 Conjurations
 * Level 8.7 Summonings
 + Level 16.5 Ice Magic
 - Level 5.6 Air Magic
 - Level 2.0 Earth Magic
 + Level 10.3 Invocations
 - Level 4.0 Evocations


You had 6 spell levels left.
You knew the following spells:

 Your Spells              Type           Power      Damage    Failure   Level
a - Freeze                Ice            100%       1d10      0%          1
b - Frozen Ramparts       Ice            100%       1d16      1%          3
c - Summon Ice Beast      Ice/Summ       59%        N/A       1%          4
d - Swiftness             Air            35%        N/A       2%          3
e - Ozocubu's Armour      Ice            69%        N/A       1%          3
f - Hailstorm             Conj/Ice       55%        3d12      1%          3
g - Freezing Cloud        Conj/Ice/Air   25%        6-21      4%          5
h - Ozocubu's Refrigerat  Ice            34%        4d15      8%          7
p - Passwall              Tmut/Erth      12%        N/A       9%          2

Your spell library contained the following spells:

 Spells                   Type           Power      Damage    Failure   Level
 Ensorcelled Hibernation  Hex/Ice        92%        N/A       1%          2
 Foxfire                  Conj/Fire      92%        2x1d8     2%          1
 Summon Lightning Spire   Summ/Air       41%        N/A       4%          4
 Cigotuvi's Dreadful Rot  Necr/Pois/Air  38%        N/A       5%          2
 Necrotise                Necr           44%        1d6       9%          1
 Animate Armour           Summ/Erth      66%        N/A       9%          4
 Ignite Poison            Fire/Tmut/Pois 11%        N/A       24%         3
 Vampiric Draining        Necr           11%        2d6       24%         3
 Fireball                 Conj/Fire      11%        3d7       56%         5
 Agony                    Necr           11%        N/A       92%         5
 Blade Hands              Tmut           5%         N/A       92%         5
 Plasma Beam              Fire/Air       11%        2x1d22    98%         6
 Starburst                Conj/Fire      11%        6d5       98%         6


Dungeon Overview and Level Annotations

Branches:
Dungeon (15/15)            Temple (0/1) D:4            Lair (5/5) D:10
  Swamp (0/4) Lair:2       Spider (0/4) Lair:2        Slime (0/5) Lair:5
    Orc (2/2) D:10            Elf (0/3) Orc:2        Vaults (0/5) D:14
 Depths (1/4) D:15

Altars:
Cheibriados
Hepliaklqana
Makhleb
Nemelex Xobeh
Qazlal
Sif Muna
Yredelemnul
Zin
The Shining One
Jiyva

Shops:
D:1 [   D:2 [   D:4 *   D:13 (   Orc:2 (*:[

Annotations:
D:8 1 runed translucent door
D:9 3 runed translucent doors, exclusion: obsidian statue, AwFulAwFulPlayer's ghost, novice DsCK; Palms's ghost, novice DEEE; bchevrier's ghost, novice GnWn
D:14 Roxanne
D:15 the Enchantress
Lair:2 1 exclusion
Lair:3 3 runed translucent doors, Ifaaq's ghost, journeyman MiFi


Message History

The spriggan defender completely misses you.
The Enchantress is engulfed in freezing vapours.
You are too confused!
Unknown command.
You feel better.
The spriggan defender is engulfed in freezing vapours.
You block the spriggan defender's attack. x2
The Enchantress is engulfed in freezing vapours. x2
The spriggan defender is engulfed in freezing vapours.
The spriggan defender hits you with a +6 vampiric quick blade!
* * * LOW HITPOINT WARNING * * *
You feel more protected from physical attacks.
The spriggan defender draws strength from your wounds!
The spriggan defender hits you with a +6 vampiric quick blade.
* * * LOW HITPOINT WARNING * * *
You feel more protected from physical attacks.
The spriggan defender draws strength from your wounds!
The Enchantress is engulfed in freezing vapours.
The Enchantress gestures wildly while chanting.
You are confused.
Unknown command.
Press: ? - help, v - describe, . - travel A staircase to the Depths, spattered with blood.
There is a cloud of freezing vapour here.
You feel better.
The spriggan defender is engulfed in freezing vapours.
The spriggan defender closely misses you.
The spriggan defender hits you with a +6 vampiric quick blade!!
* * * LOW HITPOINT WARNING * * *
The Enchantress is engulfed in freezing vapours.
The spriggan defender is engulfed in freezing vapours.
The spriggan defender closely misses you.
The spriggan defender hits you with a +6 vampiric quick blade!
* * * LOW HITPOINT WARNING * * *
The spriggan defender draws strength from your wounds!
The Enchantress is engulfed in freezing vapours. x2
The spriggan defender is engulfed in freezing vapours.
You block the spriggan defender's attack.
The spriggan defender hits you with a +6 vampiric quick blade!
You die...

######.# #....#..# #. #..<#.#
######..# #. #.###'### #######..#
#. #.......# #.....#..# #.
####.....# #.###.#..# #.
.........#### #.#.....## #.
.##......#..# #.#.##..######.
.##......#..# ####[#.....#....#.
.##......##.####@##.###..##.##.#.
..#......#....ii###..)).....##.#.
....######≈.#§≈i# #####)######.##
..[.# #=.#§§§# #.# #.# )...#
##.####.#### #.# #.## #<#.#
#...#......####.# #... ###.#
#.≈...≈.#..##...########. ....###
#...########........# #. ......#
#..## #..'........# #.


You could see the Enchantress (fast, repels missiles), a spriggan defender and a
spriggan.

Vanquished Creatures
  Saint Roka (Orc:2)
  A spriggan defender (D:15)
  A stone giant (D:15)
  Nessos (Orc:2)
  A dire elephant (D:15)
  Snorg (Lair:3)
  A fire dragon (D:12)
  6 hydras
  A rakshasa (D:14)
  A merfolk avatar (Lair:5)
  Erolcha (D:10)
  3 ogre magi
  5 centaur warriors
  A death knight (D:12)
  A catoblepas (D:13)
  3 tengu warriors
  15 two-headed ogres
  4 boulder beetles
  6 death yaks
  2 orc high priests (Orc:2)
  Nergalle (D:10)
  3 skysharks
  3 harpies (Lair:5)
  2 lindwurms
  A wizard (D:12)
  Pikel (D:6)
  8 orc knights
  3 deep elf pyromancers
  A wolf spider (D:15)
  5 orc sorcerers
  11 ugly things
  5 cyclopes
  A salamander (D:15)
  6 manticores
  An elephant (Lair:5)
  A gargoyle (D:11)
  Joseph (D:8)
  3 torpor snails
  3 black mambas
  A molten gargoyle (D:11)
  16 cane toads
  Maggie (D:7)
  2 unseen horrors
  7 rime drakes
  2 freezing wraiths
  10 komodo dragons
  Psyche (D:9)
  A tengu conjurer (D:14)
  4 yaktaurs (D:15)
  A queen bee (shapeshifter) (D:15)
  9 trolls
  6 polar bears
  2 hornets (Lair:5)
  14 blink frogs
  A wind drake (Lair:5)
  3 dream sheep (Lair:2)
  9 slime creatures
  2 centaur simulacra
  Sigmund (D:6)
  3 wyverns
  7 wraiths
  A fire elemental (D:11)
  37 yaks
  14 fire bats (D:8)
  5 basilisks
  4 steam dragons
  21 vampire mosquitoes
  A warg (Orc:1)
  An acid dragon (D:11)
  9 water moccasins
  2 sky beasts (D:7)
  35 orc warriors
  3 ice beasts
  An ogre (shapeshifter) (D:14)
  4 black bears
  17 wolves
  12 centaurs
  9 ogres
  A lemure (D:6)
  A phantom (D:4)
  A kobold brigand (D:9)
  Blork the orc (Orc:2)
  11 bullfrogs
  A gnoll sergeant (D:6)
  A scorpion (D:4)
  20 wights
  3 killer bees (D:9)
  7 howler monkeys
  5 electric eels (D:9)
  A lava snake (D:11)
  6 jellies
  25 orc priests
  5 hounds
  Crazy Yiuf (D:6)
  A gnoll bouda (D:5)
  Jessica (D:3)
  4 iguanas
  3 sleepcaps
  Ijyb (D:5)
  27 orc wizards
  11 gnolls
  10 adders
  2 white imps
  An adder zombie (D:2)
  A worm (D:3)
  12 dart slugs
  71 orcs
  66 bats
  A bat skeleton (D:2)
  2 bat zombies (D:2)
  6 endoplasms
  5 giant cockroaches
  4 goblins
  6 hobgoblins
  8 jackals
  5 quokkas
  4 ball pythons
  A ball python skeleton (D:2)
  A ball python zombie (D:2)
  4 frilled lizards
  10 kobolds
  A quokka skeleton (D:2)
  5 rats
759 creatures vanquished.

Vanquished Creatures (collateral kills)
  A hydra (Lair:5)
  2 dancing weapons (D:14)
  A death yak (Lair:5)
  A black mamba (Lair:2)
  A yak (Lair:1)
  An acid dragon (D:8)
  3 ice beasts
  A wolf (Lair:1)
  A kobold brigand (D:6)
  A wight (D:7)
  A white imp (D:6)
  4 orcs
  A bat (D:8)
  3 kobolds (D:6)
22 creatures vanquished.

Grand Total: 781 creatures vanquished

Notes
Turn   | Place    | Note
-------+----------+-------------------------------------------
     0 | D:1      | Gorgondantess the Human Ice Elementalist began the quest
                  | for the Orb.
     0 | D:1      | Reached XP level 1. HP: 13/13 MP: 3/3
   102 | D:1      | Found Ugugomm's Armour Shoppe.
   245 | D:1      | Reached XP level 2. HP: 19/19 MP: 0/5
   850 | D:1      | Bought a +0 pair of boots for 45 gold pieces
  1158 | D:2      | Reached XP level 3. HP: 18/24 MP: 1/6
  1224 | D:2      | Learned a level 3 spell: Frozen Ramparts
  1338 | D:2      | Found Sacari's Armour Shop.
  1539 | D:2      | Reached skill level 5 in Ice Magic
  1761 | D:2      | Reached XP level 4. HP: 30/30 MP: 7/7
  2027 | D:2      | Found a faded altar of an unknown god.
  2099 | D:3      | Noticed Jessica
  2103 | D:3      | Killed Jessica
  2153 | D:2      | Prayed at the altar of an unknown god.
  2153 | D:2      | Became a worshipper of Qazlal Stormbringer
  2153 | D:2      | Reached * piety under Qazlal
  2505 | D:3      | Reached XP level 5. HP: 35/35 MP: 5/8
  2570 | D:3      | Reached skill level 6 in Ice Magic
  2864 | D:3      | Reached ** piety under Qazlal
  3062 | D:4      | Found a staircase to the Ecumenical Temple.
  3102 | D:4      | Learned a level 4 spell: Summon Ice Beast
  3137 | D:4      | Reached XP level 6. HP: 41/41 MP: 7/9
  3142 | D:4      | Reached skill level 1 in Evocations
  3253 | D:4      | Reached skill level 1 in Summonings
  3678 | D:4      | Reached XP level 7. HP: 41/46 MP: 8/11
  3838 | D:4      | Found Ipaor's Fire Supplies.
  3955 | D:4      | Reached skill level 7 in Ice Magic
  4048 | D:5      | Entered Level 5 of the Dungeon
  4111 | D:5      | Noticed a water moccasin
  4118 | D:5      | Killed a water moccasin
  4119 | D:5      | Reached skill level 1 in Staves
  4328 | D:5      | Reached XP level 8. HP: 52/52 MP: 8/12
  4332 | D:5      | Reached *** piety under Qazlal
  5091 | D:5      | Noticed Ijyb
  5110 | D:5      | Killed Ijyb
  5684 | D:6      | Noticed Pikel
  5708 | D:6      | Reached skill level 8 in Ice Magic
  5709 | D:6      | Killed Pikel
  5710 | D:6      | Reached skill level 5 in Summonings
  5710 | D:6      | Reached XP level 9. HP: 27/57 MP: 1/15
  6068 | D:6      | Reached skill level 9 in Ice Magic
  6415 | D:6      | Noticed Sigmund
  6418 | D:6      | Killed Sigmund
  6420 | D:6      | Reached skill level 5 in Spellcasting
  6897 | D:6      | Found a runed translucent door.
  6898 | D:6      | Noticed Crazy Yiuf
  6904 | D:6      | Killed Crazy Yiuf
  7249 | D:7      | Reached XP level 10. HP: 39/63 MP: 16/18
  7253 | D:7      | Learned a level 2 spell: Passwall
  7354 | D:7      | Reached skill level 10 in Ice Magic
  7407 | D:7      | Reached skill level 1 in Earth Magic
  7845 | D:7      | Reached **** piety under Qazlal
  8189 | D:7      | Noticed Maggie
  8196 | D:7      | Killed Maggie
  8197 | D:7      | Reached skill level 11 in Ice Magic
  8581 | D:7      | Found a hazy altar of Hepliaklqana.
  8616 | D:7      | Learned a level 3 spell: Ozocubu's Armour
  8664 | D:8      | Noticed Joseph
  8877 | D:8      | Found a glowing golden altar of the Shining One.
  8935 | D:8      | Killed Joseph
  8936 | D:8      | Reached skill level 1 in Invocations
  9220 | D:8      | Found a runed translucent door.
  9312 | D:8      | Found a burning altar of Makhleb.
  9315 | D:8      | Reached skill level 1 in Armour
  9318 | D:8      | Noticed a flayed ghost
  9332 | D:8      | Reached skill level 1 in Fighting
  9332 | D:8      | Reached skill level 1 in Short Blades
  9373 | D:8      | Reached XP level 11. HP: 66/70 MP: 15/21
  9503 | D:8      | Found a snail-covered altar of Cheibriados.
  9560 | D:8      | Found a basalt altar of Yredelemnul.
  9605 | D:8      | Found a glowing silver altar of Zin.
  9606 | D:8      | Reached ***** piety under Qazlal
  9612 | D:8      | Reached skill level 12 in Ice Magic
  9692 | D:8      | Found a snail-covered altar of Cheibriados.
  9720 | D:8      | Found a sparkling altar of Nemelex Xobeh.
 10208 | D:9      | Noticed a two-headed ogre
 10220 | D:9      | Killed a two-headed ogre
 10479 | D:9      | Noticed Psyche
 10486 | D:9      | Killed Psyche
 10633 | D:9      | Found a runed translucent gate.
 10634 | D:9      | Found a runed translucent gate.
 10642 | D:9      | Found a runed translucent gate.
 10646 | D:9      | Noticed bchevrier's ghost (novice GnWn)
 10646 | D:9      | Noticed AwFulAwFulPlayer's ghost (novice DsCK)
 10647 | D:9      | Noticed Palms's ghost (novice DEEE)
 10774 | D:9      | Noticed an obsidian statue
 11249 | D:10     | Entered Level 10 of the Dungeon
 11255 | D:10     | Identified the +0 leather armour of Midwinter {Contam Harm
                  | Will++ Stlth+}
 11258 | D:10     | Noticed a two-headed ogre
 11482 | D:9      | HP: 1/62 [two-headed ogre/+2 dire flail of draining (5)]
 11483 | D:9      | Killed a two-headed ogre
 11484 | D:9      | Reached XP level 12. HP: 2/76 MP: 10/23
 11684 | D:10     | Noticed Erolcha
 11703 | D:10     | Killed Erolcha
 11704 | D:10     | Reached skill level 13 in Ice Magic
 11704 | D:10     | Reached skill level 5 in Invocations
 11763 | D:10     | Noticed Nergalle
 11770 | D:10     | Killed Nergalle
 11860 | D:10     | Found a glowing silver altar of Zin.
 11927 | D:10     | Found a staircase to the Orcish Mines.
 11943 | D:10     | Found a staircase to the Lair.
 12180 | D:10     | Found the +7 Kryia's mail coat {PotionHeal*2 rC+}
 12356 | Lair:1   | Entered Level 1 of the Lair of Beasts
 12360 | Lair:1   | Identified the +7 quarterstaff "Diaxkuen" {drain, rPois
                  | Dex+8}
 12435 | Lair:1   | Reached skill level 5 in Fighting
 12784 | Lair:1   | Reached ****** piety under Qazlal
 12805 | Lair:1   | Noticed an eight-headed hydra
 12818 | Lair:1   | Killed an eight-headed hydra
 12819 | Lair:1   | Reached skill level 5 in Dodging
 12819 | Lair:1   | Reached XP level 13. HP: 92/92 MP: 15/25
 13162 | Lair:1   | Reached skill level 14 in Ice Magic
 13383 | Lair:1   | Learned a level 3 spell: Swiftness
 13540 | Lair:2   | Reached skill level 1 in Air Magic
 13676 | Lair:2   | You fall into a shaft and drop 2 floors!
 13679 | Lair:4   | Identified a scroll of acquirement
 13790 | Lair:4   | Noticed an eight-headed hydra
 13806 | Lair:4   | Killed an eight-headed hydra
 14354 | Lair:2   | Found a staircase to the Swamp.
 14564 | Lair:2   | Found a hole to the Spider Nest.
 14909 | Lair:3   | Noticed Snorg
 14924 | Lair:3   | Killed Snorg
 15179 | Lair:3   | Reached skill level 5 in Staves
 15179 | Lair:3   | Reached XP level 14. HP: 75/101 MP: 21/27
 15261 | Lair:3   | Found a runed translucent gate.
 15261 | Lair:3   | Found a runed translucent gate.
 15261 | Lair:3   | Found a viscous altar of Jiyva.
 15261 | Lair:3   | Found a runed translucent gate.
 15262 | Lair:3   | Noticed Ifaaq's ghost (journeyman MiFi)
 15329 | Lair:3   | Learned a level 3 spell: Hailstorm
 16205 | Lair:5   | Entered Level 5 of the Lair of Beasts
 16517 | Lair:5   | Reached skill level 1 in Conjurations
 16579 | Lair:5   | Found a staircase to the Slime Pits.
 16605 | Lair:5   | Reached skill level 15 in Ice Magic
 17215 | Lair:5   | Found the +3 pair of seven-league boots {Rampage+∞}
 17329 | Lair:5   | Identified the +4 ring mail of Oqoqimih {Harm Int-5 Dex+5
                  | SInv}
 17336 | Lair:5   | Identified the +1 trident "Muahaas" {drain, +Blink rElec
                  | Int+6 SInv}
 17871 | Orc:1    | Entered Level 1 of the Orcish Mines
 17917 | Orc:1    | Reached XP level 15. HP: 102/110 MP: 13/28
 18278 | Orc:2    | Entered Level 2 of the Orcish Mines
 18825 | Orc:1    | Found a shimmering blue altar of Sif Muna.
 19213 | Orc:2    | Reached skill level 5 in Air Magic
 19394 | Orc:2    | Noticed Saint Roka
 19491 | Orc:2    | Killed Saint Roka
 19723 | Orc:2    | Reached skill level 10 in Spellcasting
 19725 | Orc:2    | Noticed Nessos
 19755 | Orc:2    | Killed Nessos
 19936 | Orc:2    | Noticed Blork the orc
 19944 | Orc:2    | Killed Blork the orc
 20200 | Orc:2    | Found Sure's General Store.
 20219 | Orc:2    | Bought 2 potions of curing for 72 gold pieces
 20228 | Orc:2    | Found Vawocul's Antique Weapon Emporium.
 20244 | Orc:2    | Found Hily's Book Emporium.
 20259 | Orc:2    | Found Dyon Xou's Antique Armour Emporium.
 20308 | Orc:2    | Found a staircase to the Elven Halls.
 20453 | D:11     | Learned a level 5 spell: Freezing Cloud
 20648 | D:11     | Reached skill level 16 in Ice Magic
 21643 | D:12     | Identified the +4 arbalest "Roakuigo" {elec, Will- Str+5}
 22707 | D:12     | Acquired 948 gold pieces
 22951 | D:13     | Reached XP level 16. HP: 115/118 MP: 12/30
 23349 | D:13     | Found Suto Woe's Antique Weapon Shop.
 23659 | D:14     | Reached skill level 1 in Shields
 23963 | D:14     | Reached skill level 5 in Conjurations
 24409 | D:14     | Found a gate to the Vaults.
 24619 | D:14     | Identified Roxanne's Cyclopedia of Alteration
 24619 | D:14     | Noticed Roxanne
 25016 | D:15     | Entered Level 15 of the Dungeon
 25198 | D:15     | Reached skill level 10 in Invocations
 26350 | D:15     | Learned a level 7 spell: Ozocubu's Refrigeration
 26419 | D:15     | Found a staircase to the Depths.
 26437 | Depths:1 | Entered Level 1 of the Depths
 26447 | D:15     | Reached XP level 17. HP: 80/126 MP: 23/31
 26484 | Depths:1 | Noticed the Enchantress
 26565 | D:15     | Mangled by a spriggan defender

Illustrated notes

Levels and vault maps discovered:
D:1:      lightli_arrival_statuegarden, layout_basic, serial_shops, shop
D:2:      layout_loops_ring, dreamdust_ecumenical_altar_statues, serial_undead,
          serial_undead_c, serial_undead_a, serial_undead_d, serial_undead_c,
          serial_undead_a, serial_undead_f, serial_shops, shop_statue,
          kennysheep_minor_cross
D:3:      layout_basic, kennysheep_generic_room_6, uniq_jessica
D:4:      kennysheep_slugbush, layout_cave_pools, temple_pool_b,
          nicolae_shop_fire_sale [nicolae_sub_dead_trees]
D:5:      layout_layer_cave, uniq_ijyb
D:6:      layout_loops_ring, uniq_pikel, uniq_sigmund, uniq_crazy_yiuf_cottage
D:7:      layout_loops_ring, nicolae_hepliaklqana_hippocampus, uniq_maggie
D:8:      due_megacathedral, layout_rooms, tso_metal_star, minivault_21,
          uniq_joseph
D:9:      layout_gridville, serial_bayou, serial_bayou_pond_e,
          serial_bayou_pond_d, serial_bayou_ford_a, serial_bayou_crossing,
          gammafunk_ghost_cemetery, minmay_statue_bubble, uniq_psyche
D:10:     layout_long_grid, kennysheep_mini_moat, david_lair_shrubbed,
          orc_0_dummy, uniq_erolcha, uniq_nergalle
D:11:     layout_small_grid, grunt_decor_junction, wad_dig_loot
D:12:     layout_irregular_city, minmay_the_grid_2x2 [minmay_the_grid_garden,
          minmay_the_grid_aliased_spiral, minmay_the_grid_dragon_b,
          minmay_the_grid_prize_shrinking_boxes]
D:13:     layout_rooms, serial_shops, shop
D:14:     layout_long_grid, erik_vaults_1, serial_glass, glass_columns_a,
          glass_columns_a, glass_columns_a, glass_columns_b, uniq_roxanne
D:15:     hangedman_depths_entry_try_elsewhere_first, layout_basic, minivault_25
Lair:1:   beast_lair_carwin_large_2, layout_regular_city, minmay_holes
Lair:2:   layout_loops_ring, swamp_mist, nicolae_spider_entry_orb_guardian
Lair:3:   layout_misc_corridors, gammafunk_ghost_ooze, serial_bayou_shore_b,
          uniq_snorg
Lair:4:   layout_cellular_growth, grunt_megastairs_5
Lair:5:   gammafunk_lair_ancient_temple, layout_big_grid, slime_entry_1,
          serial_bayou_pond_c
Orc:1:    layout_diamond_mine, led_sif_book
Orc:2:    grunt_orc_cross, layout_diamond_mine, uniq_nessos
Depths:1: layout_cave_pools, nicolae_kite_square_tiling_tiny,
          pf_hell_entry_great_geh, enter_trove_5, serial_sigils_hangedman_carve,
          minmay_misc_feat_x, nemelex_spade_bored_becter, uniq_enchantress

Skill      XL: |  1  2  3  4  5  6  7  8  9 10 11 12 13 14 15 16 |
---------------+-------------------------------------------------+-----
Ice Magic      | 5 6 7 8 9 11 12 13 14 15 16 | 16.5
Evocations     | 1 2 3 4 |  4.0
Summonings     | 2 3 5 6 7 8 |  8.7
Spellcasting   | 3 4 5 6 7 8 9 10 | 10.8
Staves         | 1 2 3 5 6 |  6.0
Earth Magic    | 2 |  2.0
Invocations    | 2 4 6 7 8 9 10 | 10.3
Armour         | 1 3 |  3.1
Fighting       | 1 3 5 6 7 8 9 |  9.5
Short Blades   | 1 2 |  2.0
Dodging        | 3 5 6 7 8 9 |  9.0
Air Magic      | 3 4 5 |  5.6
Conjurations   | 3 4 5 |  5.8
Shields        | 4 |  4.6
Stealth        | |  2.0

Action                     |  1- 3 |  4- 6 |  7- 9 | 10-12 | 13-15 | 16-18 || total
---------------------------+-------+-------+-------+-------+-------+-------++-------
  Melee: Unarmed           |    22 |       |       |       |       |       ||    22
         Trident           |    24 |    66 |    13 |     2 |    34 |   165 ||   304
         Punch             |     1 |       |       |     9 |     2 |       ||    12
         Staff             |       |    65 |    71 |   111 |    73 |       ||   320
         Dagger            |       |       |     6 |   136 |    43 |     9 ||   194
         Quarterstaff      |       |       |       |    32 |   377 |       ||   409
   Cast: Freeze            |    24 |    25 |    22 |    15 |       |       ||    86
         Frozen Ramparts   |     2 |    10 |    24 |    73 |    99 |    32 ||   240
         Summon Ice Beast  |       |     1 |    17 |    25 |    20 |     4 ||    67
         Ozocubu's Armour  |       |       |       |    28 |    38 |    11 ||    77
         Passwall          |       |       |       |     2 |       |       ||     2
         Hailstorm         |       |       |       |       |    34 |     6 ||    40
         Swiftness         |       |       |       |       |     2 |       ||     2
         Freezing Cloud    |       |       |       |       |    46 |    50 ||    96
 Invoke: Upheaval          |       |       |       |     2 |     4 |       ||     6
         Elemental Force   |       |       |       |       |     2 |       ||     2
  Evoke: Wand              |       |       |       |     8 |     5 |       ||    13
         Lightning rod     |       |       |       |     3 |     3 |       ||     6
         Box of beasts     |       |       |       |       |     1 |       ||     1
    Use: Potion            |       |       |       |     1 |     1 |     4 ||     6
         Scroll            |       |       |       |       |    17 |     3 ||    20
   Stab: Sleeping          |     2 |     1 |       |       |       |       ||     3
         Distracted        |       |       |       |       |     1 |       ||     1
 Armour: Robe              |    21 |    29 |    14 |     7 |       |       ||    71
         Steam dragon scal |       |       |       |    68 |   166 |    45 ||   279
         Acid dragon scale |       |       |       |    23 |       |       ||    23
  Dodge: Dodged            |    50 |    90 |    60 |   183 |   404 |   153 ||   940
         Repelled          |       |       |       |     2 |     4 |     1 ||     7
  Block: Other             |       |    10 |    10 |   102 |   241 |    14 ||   377
         Buckler           |       |       |       |       |       |   121 ||   121

Table legend: (Time is in decaauts)
 A = Elapsed time spent in this place.
 B = Non-inter-level travel time spent in this place.
 C = Inter-level travel time spent in this place.
 D = Time resting spent in this place.
 E = Time spent auto-exploring this place.
 F = Levels seen in this place.
 G = Mean time per level.
                   A        B        C        D        E       F      G
               +--------+--------+--------+--------+--------+-----+--------+
         Total |  26786 |  25610 |   1176 |   1862 |  18200 |  23 | 1164.6 |
       Dungeon |  18673 |  17872 |    801 |   1242 |  13072 |  15 | 1244.9 |
          Lair |   5558 |   5262 |    296 |    207 |   3881 |   5 | 1111.6 |
  Orcish Mines |   2547 |   2469 |     78 |    413 |   1246 |   2 | 1273.5 |
        Depths |      6 |      6 |      0 |      0 |      0 |   1 |    6.0 |
               +--------+--------+--------+--------+--------+-----+--------+

Top non-repeatable levels by time:
     D:5: 1768 daAuts
     D:7: 1602 daAuts
    D:14: 1554 daAuts
  Lair:5: 1434 daAuts
     D:8: 1411 daAuts
     D:9: 1410 daAuts
    D:15: 1396 daAuts
   Orc:2: 1356 daAuts
     D:6: 1257 daAuts
    D:12: 1252 daAuts
  Lair:1: 1247 daAuts
   Orc:1: 1190 daAuts
    D:11: 1137 daAuts
     D:4: 1131 daAuts
     D:1: 1131 daAuts
